Hurricanes vs Avalanche

Created - April 6, 2015 at 10:37

Goals
1 2 3 T
Hurricanes 2 0 1 3
Avalanche 2 0 0 2
Shots
1 2 3 T
Hurricanes 8 9 6 23
Avalanche 13 11 4 28

1st period

1. Avalanche , Kevin Shattenkirk 16 (Derek Stepan, Vincent Lecavalier) at 3:26 (PP)
2. Avalanche , Kevin Shattenkirk 17 (Derek Stepan, Marcus Johansson) at 9:40 (PP)
3. Hurricanes , Sheldon Brookbank 2 (Dustin Byfuglien, Blake Wheeler) at 10:10
4. Hurricanes , Raphael Diaz 7 (Nick Foligno) at 10:29

Penalties :
Brooks Orpik (CAR) for Tripping (Minor) at 2:29, Brian Boyle (CAR) for Holding Stick (Minor) at 4:57, Dustin Byfuglien (CAR) for Tripping (Minor) at 7:52, Brooks Orpik (CAR) for Hooking (Minor) at 13:37

2nd period

No Goal

Penalties :
Nick Foligno (CAR) for Roughing (Minor) at 0:32, Patrick Maroon (CAR) for Tripping (Minor) at 2:38, Robyn Regehr (COL) for Hooking (Minor) at 5:45, Sheldon Brookbank (CAR) for Roughing (Minor) at 5:45, Sheldon Brookbank (CAR) for Interference (Minor) at 10:11, Keith Yandle (CAR) for Roughing (Minor) at 13:37, Brayden McNabb (COL) for Goalie Interference (Minor) at 18:18

3rd period

5. Hurricanes , Alexander Killorn 9 (Dustin Byfuglien, Keith Yandle) at 15:00 (PP)

Penalties :
Ben Lovejoy (CAR) for Charging (Minor) at 0:32, Brayden McNabb (COL) for Hooking (Minor) at 3:08, Boone Jenner (COL) for Roughing (Minor) at 9:54, Marcus Johansson (COL) for Holding (Minor) at 14:48, Vincent Lecavalier (COL) for Roughing (Minor) at 17:45

Goalie Stats

Sergei Bobrovsky (CAR), 26 saves from 28 shots - (0.929), W, 26-26-5, 60:00 minutes
Martin Jones (COL), 20 saves from 23 shots - (0.870), L, 15-17-4, 59:47 minutes

Players Stats for Hurricanes

Player Name              G  A  P  +/- PIM S  H  SB GA TA FO     MP     PP MP  PK MP  
------------------------------------------------------------------------------------
Alex Chiasson            0  0  0   0  0   0  0  0  0  0  0/0     9:12   0:45   0:00 
Alexander Killorn        1  0  1   1  0   4  0  0  0  0  8/18   14:10   3:57   0:00 
Ben Lovejoy              0  0  0   1  2   0  2  1  0  0  0/0    12:02   0:00   0:00 
Blake Wheeler            0  1  1   1  0   5  3  0  0  0  2/5    19:39   3:45   3:14 
Brad Richardson          0  0  0   0  0   0  0  0  0  0  5/8     7:03   0:00   0:00 
Brian Boyle              0  0  0   0  2   0  2  0  0  0  7/14   11:31   0:00   7:15 
Brooks Orpik             0  0  0   0  4   1  1  0  0  0  0/0    20:36   3:33   6:05 
Dustin Byfuglien         0  2  2   1  2   1  1  2  0  0  0/0    25:39   4:35   8:14 
James Wisniewski         0  0  0   0  0   1  2  2  0  0  0/0    25:35   3:33   8:16 
Keith Yandle             0  1  1   1  2   0  1  1  0  0  0/0    17:35   4:35   1:53 
Michael Frolik           0  0  0   1  0   0  0  0  0  0  0/0    23:10   4:11   7:45 
Michal Handzus           0  0  0   1  0   2  1  0  0  0  13/29  22:13   3:38   7:44 
Nick Foligno             0  1  1   1  2   2  7  0  0  0  2/4    21:43   3:38   6:37 
Patrick Maroon           0  0  0   0  2   0  2  0  0  0  1/1     8:26   0:00   0:00 
Raphael Diaz             1  0  1   1  0   1  2  1  0  0  0/0    17:52   0:00   8:12 
Scott Gomez              0  0  0   0  0   1  0  1  0  0  0/0     5:46   0:33   0:41 
Shawn Matthias           0  0  0   0  0   1  0  0  0  0  0/0     4:17   0:00   0:00 
Sheldon Brookbank        1  0  1   1  4   4  2  0  0  0  0/3    14:44   3:57   0:36 

Players Stats for Avalanche

Player Name              G  A  P  +/- PIM S  H  SB GA TA FO     MP     PP MP  PK MP  
------------------------------------------------------------------------------------
Boone Jenner             0  0  0  -1  2   1  3  1  0  0  0/0    11:07   0:00   0:19 
Brayden McNabb           0  0  0  -1  4   1  4  0  0  0  0/0    14:35   0:38   0:13 
Cody Hodgson             0  0  0   0  0   5  0  0  0  0  0/0    20:13   8:09   0:00 
Colby Robak              0  0  0   0  0   2  0  1  0  0  0/0    14:27   0:00   4:13 
Derek Roy                0  0  0  -1  0   2  0  0  0  0  3/11    8:54   0:00   0:00 
Derek Stepan             0  2  2  -1  0   1  0  0  0  0  16/26  23:15   8:29   2:51 
Jason Zucker             0  0  0   0  0   0  0  0  0  0  0/1     3:20   1:07   0:18 
Kevin Shattenkirk        2  0  2   0  0   3  0  2  0  0  0/0    22:07   8:35   4:26 
Marcus Johansson         0  1  1   0  2   1  0  0  0  0  1/3    19:40   7:37   0:00 
Matt Calvert             0  0  0   0  0   1  0  0  0  0  0/0     6:07   0:00   5:26 
Quinton Howden           0  0  0  -1  0   2  2  0  0  0  0/0    20:23   7:54   2:07 
Rickard Rakell           0  0  0   0  0   0  0  0  0  0  10/13   7:51   0:00   5:15 
Riley Sheahan            0  0  0   0  0   4  1  0  0  0  11/25  19:58   8:09   0:00 
Robyn Regehr             0  0  0  -1  2   0  2  0  0  0  0/0    20:00   8:35   0:00 
Sami Vatanen             0  0  0  -1  0   2  3  1  0  0  0/0    24:41   7:25   3:42 
Tyson Barrie             0  0  0  -1  0   3  0  0  0  0  0/0    24:07   8:03   3:42 
Valeri Nichushkin        0  0  0  -1  0   0  0  0  0  0  1/1     8:54   0:00   0:00 
Vincent Lecavalier       0  1  1  -1  2   0  4  0  0  0  2/2    20:08   8:29   0:00 

3 Stars

1 - Kevin Shattenkirk (COL)
2 - Raphael Diaz (CAR)
3 - Alexander Killorn (CAR)

Power Play

Hurricanes - 1 on 5 Attempt(s) - 20.00%
Avalanche - 2 on 9 Attempt(s) - 22.22%

Penalty Kill

Hurricanes - 7 on 9 Attempt(s) - 77.78% - Score 0 goal in Penalty Kill
Avalanche - 4 on 5 Attempt(s) - 80.00% - Score 0 goal in Penalty Kill

Team Stat

Hurricanes - Hits : 26 - Faceoff Wins : 38 - Blocked Shots : 8 - Penalty Minutes : 20
Avalanche - Hits : 19 - Faceoff Wins : 44 - Blocked Shots : 5 - Penalty Minutes : 12

Official

Referees : Jean Hebert and Gord Dwyer
Linesman : Scott Cherrey and Pierre Racicot

Game Notes

Brad Richardson is injured at 9:13 of 3rd period (Back Spasms)

Finance

Level 1 -- Attendance: 6500 (100.00%) -- Ticket Income $663,000
Level 2 -- Attendance: 4687 (93.74%) -- Ticket Income $351,525
Level 3 -- Attendance: 3425 (97.86%) -- Ticket Income $188,375
Level 4 -- Attendance: 2007 (100.00%) -- Ticket Income $90,315
Luxury Box -- Attendance: 1000 (100.00%) -- Ticket Income $200,000
Game was played at the Pepsi Center'
Total Attendance: 17619 (97.85%)
Total Ticket Income: $1,493,215
Other Income: $223,982
Total Income: $1,717,197

% Time on Ice - Hurricanes

Lines # - Real PCT - Wanted PCT - Time Play
Normal Forward
1 - 31% - 38% - 10:13
2 - 30% - 35% - 10:03
3 - 26% - 17% - 8:27
4 - 13% - 10% - 4:17
Normal Defense
1 - 37% - 32% - 12:03
2 - 33% - 31% - 11:00
3 - 25% - 24% - 8:14
4 - 5% - 13% - 1:43
PP Forward
1 - 49% - 57% - 3:57
2 - 51% - 43% - 4:11
PP Defense
1 - 44% - 50% - 3:33
2 - 56% - 50% - 4:35
PK Forward
1 - 51% - 50% - 8:27
2 - 49% - 50% - 8:11
PK Defense
1 - 47% - 50% - 7:50
2 - 53% - 50% - 8:48
PK3 Forward
1 - 0% - 60%
2 - 0% - 40%
PK3 Defense
1 - 0% - 60%
2 - 0% - 40%
44 Forward
1 - 60% - 50% - 1:11
2 - 40% - 50% - 0:48
44 Defense
1 - 40% - 50% - 0:48
2 - 60% - 50% - 1:11
Last Minute Offensive  - 0:00
Last Minute Defensive  - 0:15
Total
Forward - 60:00
Defense - 60:00

% Time on Ice - Avalanche

Lines # - Real PCT - Wanted PCT - Time Play
Normal Forward
1 - 36% - 40% - 11:49
2 - 31% - 35% - 10:22
3 - 27% - 20% - 8:54
4 - 6% - 5% - 1:55
Normal Defense
1 - 42% - 40% - 13:46
2 - 33% - 30% - 10:48
3 - 24% - 20% - 7:48
4 - 2% - 10% - 0:38
PP Forward
1 - 51% - 50% - 8:29
2 - 49% - 50% - 8:09
PP Defense
1 - 48% - 50% - 8:03
2 - 52% - 50% - 8:35
PK Forward
1 - 74% - 60% - 6:01
2 - 26% - 40% - 2:07
PK Defense
1 - 55% - 60% - 4:26
2 - 45% - 40% - 3:42
PK3 Forward
1 - 0% - 60%
2 - 0% - 40%
PK3 Defense
1 - 0% - 60%
2 - 0% - 40%
44 Forward
1 - 66% - 60% - 1:18
2 - 34% - 40% - 0:41
44 Defense
1 - 34% - 60% - 0:41
2 - 66% - 40% - 1:18
Last Minute Offensive  - 0:15
Last Minute Defensive  - 0:00
Total
Forward - 60:00
Defense - 60:00

Play by Play

1st period


0:01 of 1st period - Alexander Killorn wins face-off versus Riley Sheahan in neutral zone.
0:50 of 1st period - Sami Vatanen is hit by Sheldon Brookbank and loses puck.
1:19 of 1st period - Shot by Brooks Orpik.
1:19 of 1st period - Stopped by Martin Jones with a rebound.
2:29 of 1st period - Minor Penalty to Brooks Orpik for Tripping.
2:30 of 1st period - Brian Boyle wins face-off versus Riley Sheahan in Hurricanes zone.
2:48 of 1st period - Icing by Riley Sheahan.
2:49 of 1st period - Riley Sheahan wins face-off versus Blake Wheeler in Avalanche zone.
2:56 of 1st period - Shot by Cody Hodgson.
2:56 of 1st period - Stopped by Sergei Bobrovsky with a rebound.
3:06 of 1st period - Shot by Cody Hodgson.
3:06 of 1st period - Shot Blocked by Scott Gomez.
3:26 of 1st period - Shot by Kevin Shattenkirk.
3:26 of 1st period - Goal by Kevin Shattenkirk - Hurricanes : 0 - Avalanche : 1.
3:27 of 1st period - Brad Richardson wins face-off versus Jason Zucker in neutral zone.
3:57 of 1st period - Rickard Rakell is hit by Keith Yandle and loses puck.
4:05 of 1st period - Icing by Raphael Diaz.
4:06 of 1st period - Riley Sheahan wins face-off versus Brad Richardson in Hurricanes zone.
4:06 of 1st period - Cody Hodgson is hit by Raphael Diaz and loses puck.
4:17 of 1st period - Shot by Marcus Johansson.
4:17 of 1st period - Shot Misses the Net.
4:19 of 1st period - Shot by Brayden McNabb.
4:19 of 1st period - Stopped by Sergei Bobrovsky without a rebound.
4:20 of 1st period - Blake Wheeler wins face-off versus Derek Stepan in Hurricanes zone.
4:31 of 1st period - Icing by Quinton Howden.
4:32 of 1st period - Derek Stepan wins face-off versus Brian Boyle in Avalanche zone.
4:32 of 1st period - Derek Stepan is hit by Brian Boyle.
4:57 of 1st period - Minor Penalty to Brian Boyle for Holding Stick.
4:58 of 1st period - Michal Handzus wins face-off versus Riley Sheahan in Hurricanes zone.
6:41 of 1st period - Kevin Shattenkirk is hit by Michal Handzus and loses puck.
6:48 of 1st period - Shot by Robyn Regehr.
6:48 of 1st period - Shot Misses the Net.
6:50 of 1st period - Shot by Cody Hodgson.
6:50 of 1st period - Stopped by Sergei Bobrovsky without a rebound.
6:51 of 1st period - Derek Stepan wins face-off versus Michal Handzus in Hurricanes zone.
7:08 of 1st period - Shot by Boone Jenner.
7:08 of 1st period - Shot Blocked by Ben Lovejoy.
7:10 of 1st period - Shot by Colby Robak.
7:10 of 1st period - Stopped by Sergei Bobrovsky without a rebound.
7:11 of 1st period - Brian Boyle wins face-off versus Rickard Rakell in Hurricanes zone.
7:33 of 1st period - Off-side.
7:34 of 1st period - Brad Richardson wins face-off versus Riley Sheahan in neutral zone.
7:51 of 1st period - Shot by Marcus Johansson.
7:51 of 1st period - Shot Misses the Net.
7:52 of 1st period - Minor Penalty to Dustin Byfuglien for Tripping.
7:53 of 1st period - Michal Handzus wins face-off versus Marcus Johansson in Hurricanes zone.
7:53 of 1st period - Michal Handzus is hit by Vincent Lecavalier.
8:15 of 1st period - Shot by Kevin Shattenkirk.
8:15 of 1st period - Stopped by Sergei Bobrovsky without a rebound.
8:16 of 1st period - Nick Foligno wins face-off versus Riley Sheahan in Hurricanes zone.
8:16 of 1st period - Nick Foligno is hit by Quinton Howden.
8:43 of 1st period - Cody Hodgson is hit by James Wisniewski and loses puck.
8:46 of 1st period - Shot by Sami Vatanen.
8:46 of 1st period - Stopped by Sergei Bobrovsky without a rebound.
8:47 of 1st period - Derek Stepan wins face-off versus Michal Handzus in Hurricanes zone.
9:01 of 1st period - Icing by Kevin Shattenkirk.
9:02 of 1st period - Derek Stepan wins face-off versus Michal Handzus in Avalanche zone.
9:40 of 1st period - Shot by Kevin Shattenkirk.
9:40 of 1st period - Goal by Kevin Shattenkirk - Hurricanes : 0 - Avalanche : 2.
9:41 of 1st period - Alexander Killorn wins face-off versus Derek Roy in neutral zone.
9:48 of 1st period - Shot by Alexander Killorn.
9:48 of 1st period - Deflect By Blake Wheeler.
9:48 of 1st period - Stopped by Martin Jones with a rebound.
9:50 of 1st period - Shot by Sheldon Brookbank.
9:50 of 1st period - Stopped by Martin Jones with a rebound.
10:06 of 1st period - Shot by Blake Wheeler.
10:06 of 1st period - Stopped by Martin Jones with a rebound.
10:08 of 1st period - Shot by Dustin Byfuglien.
10:08 of 1st period - Shot Blocked by Boone Jenner.
10:10 of 1st period - Shot by Sheldon Brookbank.
10:10 of 1st period - Goal by Sheldon Brookbank - Hurricanes : 1 - Avalanche : 2.
10:11 of 1st period - Riley Sheahan wins face-off versus Michal Handzus in neutral zone.
10:11 of 1st period - Kevin Shattenkirk is hit by Nick Foligno and loses puck.
10:18 of 1st period - Shot by Cody Hodgson.
10:18 of 1st period - Stopped by Sergei Bobrovsky without a rebound.
10:19 of 1st period - Michal Handzus wins face-off versus Derek Stepan in Hurricanes zone.
10:29 of 1st period - Shot by Raphael Diaz.
10:29 of 1st period - Goal by Raphael Diaz - Hurricanes : 2 - Avalanche : 2.
10:30 of 1st period - Riley Sheahan wins face-off versus Sheldon Brookbank in neutral zone.
10:47 of 1st period - Shot by Sami Vatanen.
10:47 of 1st period - Stopped by Sergei Bobrovsky without a rebound.
10:48 of 1st period - Michal Handzus wins face-off versus Derek Stepan in Hurricanes zone.
10:48 of 1st period - Michal Handzus is hit by Quinton Howden.
12:07 of 1st period - Shot by Blake Wheeler.
12:07 of 1st period - Stopped by Martin Jones without a rebound.
12:08 of 1st period - Brad Richardson wins face-off versus Derek Roy in Avalanche zone.
12:45 of 1st period - Colby Robak is hit by Patrick Maroon and loses puck.
13:13 of 1st period - Icing by Brian Boyle.
13:14 of 1st period - Riley Sheahan wins face-off versus Brian Boyle in Hurricanes zone.
13:37 of 1st period - Minor Penalty to Brooks Orpik for Hooking.
13:38 of 1st period - Michal Handzus wins face-off versus Marcus Johansson in Hurricanes zone.
13:59 of 1st period - Shot by Tyson Barrie.
13:59 of 1st period - Stopped by Sergei Bobrovsky with a rebound.
14:01 of 1st period - Shot by Tyson Barrie.
14:01 of 1st period - Shot Hit the Post.
14:07 of 1st period - Shot by Derek Stepan.
14:07 of 1st period - Shot Misses the Net.
14:09 of 1st period - Shot by Vincent Lecavalier.
14:09 of 1st period - Shot Misses the Net.
14:11 of 1st period - Shot by Tyson Barrie.
14:11 of 1st period - Shot Misses the Net.
14:13 of 1st period - Shot by Tyson Barrie.
14:13 of 1st period - Shot Misses the Net.
15:14 of 1st period - Shot by Kevin Shattenkirk.
15:14 of 1st period - Shot Blocked by Keith Yandle.
16:03 of 1st period - Shot by Derek Roy.
16:03 of 1st period - Stopped by Sergei Bobrovsky with a rebound.
16:05 of 1st period - Shot by Colby Robak.
16:05 of 1st period - Shot Blocked by James Wisniewski.
16:07 of 1st period - Shot by Colby Robak.
16:07 of 1st period - Stopped by Sergei Bobrovsky without a rebound.
16:08 of 1st period - Rickard Rakell wins face-off versus Alexander Killorn in Hurricanes zone.
18:00 of 1st period - Kevin Shattenkirk is hit by Nick Foligno and loses puck.
18:26 of 1st period - Icing by James Wisniewski.
18:27 of 1st period - Patrick Maroon wins face-off versus Derek Roy in Hurricanes zone.
18:39 of 1st period - Off-side.
18:40 of 1st period - Vincent Lecavalier wins face-off versus Brian Boyle in neutral zone.
18:45 of 1st period - Shot by Derek Stepan.
18:45 of 1st period - Deflect By Quinton Howden.
18:45 of 1st period - Shot Blocked by Dustin Byfuglien.
19:09 of 1st period - Ben Lovejoy is hit by Vincent Lecavalier and loses puck.
19:22 of 1st period - Shot by Scott Gomez.
19:22 of 1st period - Stopped by Martin Jones without a rebound.
19:23 of 1st period - Marcus Johansson wins face-off versus Blake Wheeler in Avalanche zone.
19:59 of 1st period - Marcus Johansson is hit by James Wisniewski.
Goals for this period are 2 for Hurricanes vs 2 for Avalanche.
Shots for this period are 8 for Hurricanes vs 13 for Avalanche.

2nd period


0:01 of 2nd period - Michal Handzus wins face-off versus Riley Sheahan in neutral zone.
0:13 of 2nd period - Shot by Riley Sheahan.
0:13 of 2nd period - Shot Misses the Net.
0:15 of 2nd period - Shot by Sami Vatanen.
0:15 of 2nd period - Shot Misses the Net.
0:32 of 2nd period - Minor Penalty to Nick Foligno for Roughing.
0:33 of 2nd period - Derek Stepan wins face-off versus Brian Boyle in Hurricanes zone.
0:48 of 2nd period - Shot by Kevin Shattenkirk.
0:48 of 2nd period - Shot Blocked by James Wisniewski.
1:44 of 2nd period - Icing by Tyson Barrie.
1:45 of 2nd period - Riley Sheahan wins face-off versus Michal Handzus in Avalanche zone.
2:04 of 2nd period - Shot by Riley Sheahan.
2:04 of 2nd period - Stopped by Sergei Bobrovsky without a rebound.
2:05 of 2nd period - Michal Handzus wins face-off versus Derek Stepan in Hurricanes zone.
2:05 of 2nd period - Michal Handzus is hit by Vincent Lecavalier.
2:38 of 2nd period - Minor Penalty to Patrick Maroon for Tripping.
2:39 of 2nd period - Riley Sheahan wins face-off versus Michal Handzus in Hurricanes zone.
2:42 of 2nd period - Shot by Cody Hodgson.
2:42 of 2nd period - Deflect By Quinton Howden.
2:42 of 2nd period - Stopped by Sergei Bobrovsky without a rebound.
2:43 of 2nd period - Michal Handzus wins face-off versus Riley Sheahan in Hurricanes zone.
3:38 of 2nd period - Icing by Kevin Shattenkirk.
3:39 of 2nd period - Vincent Lecavalier wins face-off versus Brian Boyle in Avalanche zone.
3:41 of 2nd period - Icing by Derek Stepan.
3:42 of 2nd period - Brian Boyle wins face-off versus Derek Stepan in Avalanche zone.
3:59 of 2nd period - Shot by Marcus Johansson.
3:59 of 2nd period - Stopped by Sergei Bobrovsky without a rebound.
4:00 of 2nd period - Michal Handzus wins face-off versus Riley Sheahan in Hurricanes zone.
4:13 of 2nd period - Shot by Tyson Barrie.
4:13 of 2nd period - Shot Blocked by Raphael Diaz.
4:37 of 2nd period - Off-side.
4:38 of 2nd period - Alexander Killorn wins face-off versus Derek Roy in neutral zone.
5:01 of 2nd period - Shot by Blake Wheeler.
5:01 of 2nd period - Shot Blocked by Kevin Shattenkirk.
5:03 of 2nd period - Shot by Sheldon Brookbank.
5:03 of 2nd period - Stopped by Martin Jones without a rebound.
5:04 of 2nd period - Michal Handzus wins face-off versus Derek Stepan in Avalanche zone.
5:12 of 2nd period - Icing by Derek Stepan.
5:13 of 2nd period - Michal Handzus wins face-off versus Derek Stepan in Avalanche zone.
5:29 of 2nd period - Icing by Tyson Barrie.
5:30 of 2nd period - Derek Stepan wins face-off versus Alexander Killorn in Avalanche zone.
5:30 of 2nd period - Derek Stepan is hit by Blake Wheeler.
5:33 of 2nd period - Quinton Howden is hit by Sheldon Brookbank and loses puck.
5:45 of 2nd period - Minor Penalty to Robyn Regehr for Hooking.
5:45 of 2nd period - Minor Penalty to Sheldon Brookbank for Roughing.
5:46 of 2nd period - Derek Stepan wins face-off versus Nick Foligno in Avalanche zone.
5:48 of 2nd period - Icing by Colby Robak.
5:49 of 2nd period - Michal Handzus wins face-off versus Derek Stepan in Avalanche zone.
6:06 of 2nd period - Shot by Michal Handzus.
6:06 of 2nd period - Stopped by Martin Jones with a rebound.
6:20 of 2nd period - Shot by Blake Wheeler.
6:20 of 2nd period - Shot Misses the Net.
6:22 of 2nd period - Shot by Michal Handzus.
6:22 of 2nd period - Stopped by Martin Jones without a rebound.
6:23 of 2nd period - Nick Foligno wins face-off versus Derek Stepan in Avalanche zone.
7:26 of 2nd period - Matt Calvert is hit by Nick Foligno.
7:58 of 2nd period - Icing by Dustin Byfuglien.
7:59 of 2nd period - Brad Richardson wins face-off versus Derek Roy in Hurricanes zone.
8:08 of 2nd period - Shot by Boone Jenner.
8:08 of 2nd period - Stopped by Sergei Bobrovsky without a rebound.
8:09 of 2nd period - Alexander Killorn wins face-off versus Riley Sheahan in Hurricanes zone.
8:13 of 2nd period - Icing by Blake Wheeler.
8:14 of 2nd period - Alexander Killorn wins face-off versus Riley Sheahan in Hurricanes zone.
8:31 of 2nd period - Shot by Blake Wheeler.
8:31 of 2nd period - Stopped by Martin Jones without a rebound.
8:32 of 2nd period - Derek Stepan wins face-off versus Nick Foligno in Avalanche zone.
8:52 of 2nd period - Shot by Derek Stepan.
8:52 of 2nd period - Shot Blocked by Dustin Byfuglien.
9:06 of 2nd period - Shot by Vincent Lecavalier.
9:06 of 2nd period - Shot Misses the Net.
9:43 of 2nd period - James Wisniewski is hit by Brayden McNabb and loses puck.
9:48 of 2nd period - Shot by Brooks Orpik.
9:48 of 2nd period - Shot Blocked by Sami Vatanen.
9:57 of 2nd period - Blake Wheeler is hit by Brayden McNabb and loses puck.
10:07 of 2nd period - Alexander Killorn is hit by Brayden McNabb and loses puck.
10:11 of 2nd period - Minor Penalty to Sheldon Brookbank for Interference.
10:12 of 2nd period - Brian Boyle wins face-off versus Derek Stepan in Hurricanes zone.
10:52 of 2nd period - Shot by Michael Frolik.
10:52 of 2nd period - Shot Misses the Net.
11:00 of 2nd period - Shot by Sami Vatanen.
11:00 of 2nd period - Shot Misses the Net.
11:02 of 2nd period - Shot by Riley Sheahan.
11:02 of 2nd period - Shot Misses the Net.
11:04 of 2nd period - Shot by Sami Vatanen.
11:04 of 2nd period - Shot Misses the Net.
11:25 of 2nd period - Icing by Derek Stepan.
11:26 of 2nd period - Derek Stepan wins face-off versus Brian Boyle in Avalanche zone.
11:40 of 2nd period - Shot by Robyn Regehr.
11:40 of 2nd period - Shot Misses the Net.
12:30 of 2nd period - Brayden McNabb is hit by Patrick Maroon.
12:38 of 2nd period - James Wisniewski is hit by Boone Jenner and loses puck.
13:26 of 2nd period - Shot by Blake Wheeler.
13:26 of 2nd period - Deflect By Alexander Killorn.
13:26 of 2nd period - Stopped by Martin Jones without a rebound.
13:27 of 2nd period - Rickard Rakell wins face-off versus Michal Handzus in Avalanche zone.
13:37 of 2nd period - Minor Penalty to Keith Yandle for Roughing.
13:38 of 2nd period - Brian Boyle wins face-off versus Riley Sheahan in Hurricanes zone.
14:01 of 2nd period - Shot by Cody Hodgson.
14:01 of 2nd period - Stopped by Sergei Bobrovsky with a rebound.
14:03 of 2nd period - Shot by Quinton Howden.
14:03 of 2nd period - Shot Misses the Net.
14:05 of 2nd period - Shot by Quinton Howden.
14:05 of 2nd period - Shot Misses the Net.
14:07 of 2nd period - Shot by Quinton Howden.
14:07 of 2nd period - Shot Misses the Net.
14:09 of 2nd period - Shot by Quinton Howden.
14:09 of 2nd period - Shot Misses the Net.
14:11 of 2nd period - Shot by Tyson Barrie.
14:11 of 2nd period - Stopped by Sergei Bobrovsky without a rebound.
14:12 of 2nd period - Derek Stepan wins face-off versus Michal Handzus in Hurricanes zone.
14:15 of 2nd period - Shot by Derek Stepan.
14:15 of 2nd period - Shot Misses the Net.
15:18 of 2nd period - Shot by Tyson Barrie.
15:18 of 2nd period - Stopped by Sergei Bobrovsky without a rebound.
15:19 of 2nd period - Michal Handzus wins face-off versus Riley Sheahan in Hurricanes zone.
15:37 of 2nd period - Shot by Cody Hodgson.
15:37 of 2nd period - Stopped by Sergei Bobrovsky without a rebound.
15:38 of 2nd period - Derek Roy wins face-off versus Alexander Killorn in Hurricanes zone.
15:41 of 2nd period - Shot by Derek Roy.
15:41 of 2nd period - Stopped by Sergei Bobrovsky without a rebound.
15:42 of 2nd period - Alexander Killorn wins face-off versus Derek Roy in Hurricanes zone.
15:49 of 2nd period - Shot by Alexander Killorn.
15:49 of 2nd period - Shot Misses the Net.
16:15 of 2nd period - Off-side.
16:16 of 2nd period - Riley Sheahan wins face-off versus Michal Handzus in neutral zone.
16:27 of 2nd period - Shot by Riley Sheahan.
16:27 of 2nd period - Stopped by Sergei Bobrovsky without a rebound.
16:28 of 2nd period - Derek Stepan wins face-off versus Brad Richardson in Hurricanes zone.
17:46 of 2nd period - Brayden McNabb is hit by Nick Foligno and loses puck.
17:52 of 2nd period - Sami Vatanen is hit by Brooks Orpik and loses puck.
17:55 of 2nd period - Shot by Riley Sheahan.
17:55 of 2nd period - Stopped by Sergei Bobrovsky without a rebound.
17:56 of 2nd period - Derek Roy wins face-off versus Sheldon Brookbank in Hurricanes zone.
18:09 of 2nd period - Shot by Blake Wheeler.
18:09 of 2nd period - Shot Misses the Net.
18:11 of 2nd period - Shot by Sheldon Brookbank.
18:11 of 2nd period - Stopped by Martin Jones with a rebound.
18:13 of 2nd period - Shot by Alexander Killorn.
18:13 of 2nd period - Stopped by Martin Jones without a rebound.
18:14 of 2nd period - Brian Boyle wins face-off versus Riley Sheahan in Avalanche zone.
18:18 of 2nd period - Minor Penalty to Brayden McNabb for Goalie Interference.
18:19 of 2nd period - Rickard Rakell wins face-off versus Alexander Killorn in Avalanche zone.
19:02 of 2nd period - Shot by James Wisniewski.
19:02 of 2nd period - Stopped by Martin Jones with a rebound.
19:50 of 2nd period - Shot by Nick Foligno.
19:50 of 2nd period - Stopped by Martin Jones with a rebound.
Goals for this period are 0 for Hurricanes vs 0 for Avalanche.
Shots for this period are 9 for Hurricanes vs 11 for Avalanche.

3rd period


0:01 of 3rd period - Rickard Rakell wins face-off versus Alexander Killorn in neutral zone.
0:09 of 3rd period - Icing by Sheldon Brookbank.
0:10 of 3rd period - Rickard Rakell wins face-off versus Alexander Killorn in Hurricanes zone.
0:27 of 3rd period - Shot by Cody Hodgson.
0:27 of 3rd period - Deflect By Riley Sheahan.
0:27 of 3rd period - Stopped by Sergei Bobrovsky without a rebound.
0:28 of 3rd period - Derek Stepan wins face-off versus Alexander Killorn in Hurricanes zone.
0:32 of 3rd period - Minor Penalty to Ben Lovejoy for Charging.
0:33 of 3rd period - Riley Sheahan wins face-off versus Michal Handzus in Hurricanes zone.
1:28 of 3rd period - Raphael Diaz is hit by Riley Sheahan and loses puck.
2:21 of 3rd period - James Wisniewski is hit by Vincent Lecavalier and loses puck.
2:59 of 3rd period - Blake Wheeler is hit by Brayden McNabb and loses puck.
3:08 of 3rd period - Shot by Blake Wheeler.
3:08 of 3rd period - Stopped by Martin Jones without a rebound.
3:08 of 3rd period - Minor Penalty to Brayden McNabb for Hooking.
3:09 of 3rd period - Rickard Rakell wins face-off versus Michal Handzus in Avalanche zone.
3:27 of 3rd period - Icing by Michael Frolik.
3:28 of 3rd period - Rickard Rakell wins face-off versus Michal Handzus in Hurricanes zone.
3:48 of 3rd period - Shot by Matt Calvert.
3:48 of 3rd period - Stopped by Sergei Bobrovsky without a rebound.
3:49 of 3rd period - Rickard Rakell wins face-off versus Alexander Killorn in Hurricanes zone.
3:49 of 3rd period - Rickard Rakell is hit by Dustin Byfuglien.
4:07 of 3rd period - Shot by Dustin Byfuglien.
4:07 of 3rd period - Stopped by Martin Jones without a rebound.
4:08 of 3rd period - Rickard Rakell wins face-off versus Alexander Killorn in Avalanche zone.
4:08 of 3rd period - Rickard Rakell is hit by Blake Wheeler.
4:38 of 3rd period - Shot by Alexander Killorn.
4:38 of 3rd period - Stopped by Martin Jones with a rebound.
4:40 of 3rd period - Shot by James Wisniewski.
4:40 of 3rd period - Shot Misses the Net.
5:03 of 3rd period - Shot by Dustin Byfuglien.
5:03 of 3rd period - Shot Blocked by Colby Robak.
5:05 of 3rd period - Shot by Keith Yandle.
5:05 of 3rd period - Shot Misses the Net.
5:39 of 3rd period - Raphael Diaz is hit by Robyn Regehr and loses puck.
6:45 of 3rd period - Icing by Ben Lovejoy.
6:46 of 3rd period - Derek Roy wins face-off versus Michal Handzus in Hurricanes zone.
6:56 of 3rd period - Michael Frolik is hit by Sami Vatanen.
7:16 of 3rd period - Sami Vatanen is hit by Nick Foligno and loses puck.
8:44 of 3rd period - Off-side.
8:45 of 3rd period - Derek Stepan wins face-off versus Brad Richardson in neutral zone.
9:05 of 3rd period - Derek Stepan is hit by Raphael Diaz and loses puck.
9:11 of 3rd period - Icing by Raphael Diaz.
9:12 of 3rd period - Brad Richardson wins face-off versus Derek Roy in Hurricanes zone.
9:12 of 3rd period - Brad Richardson is hit by Boone Jenner.
9:13 of 3rd period - Brad Richardson from Hurricanes is injured at 9:13 of 3rd period (Back Spasms).
9:14 of 3rd period - Brian Boyle wins face-off versus Derek Roy in Hurricanes zone.
9:14 of 3rd period - James Wisniewski is hit by Boone Jenner and loses puck.
9:51 of 3rd period - Shawn Matthias is hit by Sami Vatanen.
9:54 of 3rd period - Minor Penalty to Boone Jenner for Roughing.
9:55 of 3rd period - Alexander Killorn wins face-off versus Rickard Rakell in Avalanche zone.
10:15 of 3rd period - Shot by Dustin Byfuglien.
10:15 of 3rd period - Shot Misses the Net.
12:25 of 3rd period - Icing by Robyn Regehr.
12:26 of 3rd period - Blake Wheeler wins face-off versus Riley Sheahan in Avalanche zone.
12:26 of 3rd period - Blake Wheeler is hit by Robyn Regehr.
12:35 of 3rd period - Riley Sheahan is hit by Ben Lovejoy and loses puck.
13:08 of 3rd period - Derek Roy is hit by Ben Lovejoy and loses puck.
13:49 of 3rd period - Shot by Derek Stepan.
13:49 of 3rd period - Stopped by Sergei Bobrovsky without a rebound.
13:50 of 3rd period - Derek Stepan wins face-off versus Michal Handzus in Hurricanes zone.
14:48 of 3rd period - Minor Penalty to Marcus Johansson for Holding.
14:49 of 3rd period - Alexander Killorn wins face-off versus Rickard Rakell in Avalanche zone.
14:49 of 3rd period - Dustin Byfuglien is hit by Sami Vatanen and loses puck.
15:00 of 3rd period - Shot by Alexander Killorn.
15:00 of 3rd period - Goal by Alexander Killorn - Hurricanes : 3 - Avalanche : 2.
15:01 of 3rd period - Riley Sheahan wins face-off versus Brian Boyle in neutral zone.
15:01 of 3rd period - Tyson Barrie is hit by Brian Boyle and loses puck.
15:12 of 3rd period - Shot by Marcus Johansson.
15:12 of 3rd period - Shot Misses the Net.
15:23 of 3rd period - Shot by Cody Hodgson.
15:23 of 3rd period - Shot Misses the Net.
15:33 of 3rd period - Shot by Raphael Diaz.
15:33 of 3rd period - Deflect By Shawn Matthias.
15:33 of 3rd period - Stopped by Martin Jones without a rebound.
15:34 of 3rd period - Valeri Nichushkin wins face-off versus Sheldon Brookbank in Avalanche zone.
15:34 of 3rd period - Valeri Nichushkin is hit by Blake Wheeler.
15:40 of 3rd period - Off-side.
15:41 of 3rd period - Derek Stepan wins face-off versus Michal Handzus in neutral zone.
15:41 of 3rd period - Derek Stepan is hit by Nick Foligno.
16:09 of 3rd period - Shot by Quinton Howden.
16:09 of 3rd period - Stopped by Sergei Bobrovsky with a rebound.
16:21 of 3rd period - Shot by Nick Foligno.
16:21 of 3rd period - Stopped by Martin Jones without a rebound.
16:22 of 3rd period - Riley Sheahan wins face-off versus Alexander Killorn in Avalanche zone.
17:14 of 3rd period - Icing by Brooks Orpik.
17:15 of 3rd period - Derek Stepan wins face-off versus Blake Wheeler in Hurricanes zone.
17:45 of 3rd period - Minor Penalty to Vincent Lecavalier for Roughing.
17:46 of 3rd period - Rickard Rakell wins face-off versus Michal Handzus in Avalanche zone.
17:46 of 3rd period - Rickard Rakell is hit by Nick Foligno.
19:31 of 3rd period - Shot by Dustin Byfuglien.
19:31 of 3rd period - Shot Blocked by Kevin Shattenkirk.
19:47 of 3rd period - Avalanche, Martin Jones is pulled from the net.
Goals for this period are 1 for Hurricanes vs 0 for Avalanche.
Shots for this period are 6 for Hurricanes vs 4 for Avalanche.


Output by the SimonT Hockey Simulator (STHS) for Stephane Roy -- Original Page W3C XHTML 1.0 Valid
Hockey Simulator - Hockey Simulation - Hockey Manager